[Event "HUN-ch Rapid 2018"]
[Site "Ajka"]
[Date "2018.07.21"]
[Round "6"]
[White "Egresi, Mate"]
[Black "Bagi, Mate"]
[Result "0-1"]
[ECO "A61"]
[WhiteElo "2280"]
[BlackElo "2394"]
[Annotator "NA RC"]
[PlyCount "66"]
[EventDate "2018.07.20"]
[EventType "swiss"]
[EventCountry "HUN"]
[SourceTitle "playchess.com"]
[Source "ChessBase"]
[SourceQuality "1"]
[TimeControl "1200+5"]

1. d4 Nf6 2. c4 c5 3. d5 e6 4. Nc3 exd5 5. cxd5 d6 6. Nf3 g6 7. Nd2 Nbd7 8. e4 Bg7 9. Be2 O-O 10. O-O Re8 11. Qc2 Ne5 12. h3 g5 13. Nf3 Nxf3+ 14. Bxf3 g4 15. hxg4 Nxg4 16. Bf4 a6 17. a4 Qf6 18. Qd2 Qg6 19. Ra3 Ne5 20. Be2 f5 21. exf5 Bxf5 22. Nd1 Kh8 23. Rg3 Qf7 24. Ne3 Bd7 25. Ng4 Nxg4 26. Bxg4 Bxg4 27. Rxg4 Re4 28. g3 Rd4 29. Qc2 Rxd5 30. Kg2 Rh5 31. Bxd6 Qd7 32. Qd1 Qc6+ 33. f3 Rd5 0-1

[Event "HUN-ch Rapid 2018"]
[Site "Ajka"]
[Date "2018.07.21"]
[Round "6"]
[White "Miszler, Levente"]
[Black "Galyas, Miklos"]
[Result "0-1"]
[ECO "A04"]
[WhiteElo "1809"]
[BlackElo "2382"]
[Annotator "NA RC"]
[PlyCount "68"]
[EventDate "2018.07.20"]
[EventType "swiss"]
[EventCountry "HUN"]
[SourceTitle "playchess.com"]
[Source "ChessBase"]
[SourceQuality "1"]
[TimeControl "1200+5"]

1. Nf3 d6 2. c4 e5 3. d3 f5 4. g3 Nf6 5. Bg2 g6 6. Nc3 Bg7 7. O-O O-O 8. Rb1 a5 9. a3 Nc6 10. b4 axb4 11. axb4 Kh8 12. b5 Ne7 13. Nd2 h6 14. Bb2 g5 15. Ra1 Rb8 16. Qa4 Be6 17. Qa7 Qc8 18. Rfc1 f4 19. Nde4 Bh3 20. Nxf6 Bxg2 21. Kxg2 Bxf6 22. Nd5 Nxd5 23. cxd5 Qd7 24. b6 cxb6 25. Qxb6 Rbc8 26. Ba3 e4 27. Rab1 f3+ 28. exf3 exf3+ 29. Kh1 Be5 30. d4 Bg7 31. Rd1 Rc2 32. Rb2 Qh3 33. Rg1 Rc1 34. Rb1 Qg2# 0-1

[Event "HUN-ch Rapid 2018"]
[Site "Ajka"]
[Date "2018.07.21"]
[Round "6"]
[White "Udvardi, Zalan"]
[Black "Papp, Gellert"]
[Result "0-1"]
[ECO "B22"]
[WhiteElo "1795"]
[BlackElo "2324"]
[Annotator "NA"]
[PlyCount "74"]
[EventDate "2018.07.20"]
[EventType "swiss"]
[EventCountry "HUN"]
[SourceTitle "playchess.com"]
[Source "ChessBase"]
[SourceQuality "1"]
[TimeControl "1200+5"]

1. e4 c5 2. c3 d6 3. d4 Nf6 4. Bd3 g6 5. Nf3 Bg7 6. h3 O-O 7. Be3 Na6 8. a3 b6 9. Qe2 Nc7 10. O-O Bb7 11. Nbd2 Nh5 12. Rad1 e5 13. dxe5 dxe5 14. Nc4 Qe7 15. b4 Ne6 16. g3 cxb4 17. cxb4 Nd4 18. Nxd4 exd4 19. Bc1 Rae8 20. Rfe1 Qd7 21. Qg4 f5 22. exf5 Qd5 23. f3 Nf6 24. Qf4 g5 25. Qd2 Qxf3 26. Qh2 Rxe1+ 27. Rxe1 Qxd3 28. Nd6 Ba8 29. Bxg5 Qf3 30. Rf1 Qd5 31. g4 Rd8 32. Bf4 Bf8 33. g5 Nh5 34. g6 Nxf4 35. gxh7+ Kh8 36. Rxf4 Bxd6 37. Qg3 Bxf4 0-1

[Event "HUN-ch Rapid 2018"]
[Site "Ajka"]
[Date "2018.07.21"]
[Round "6"]
[White "Mako, Zoltan"]
[Black "Martini, Balazs"]
[Result "0-1"]
[ECO "B32"]
[WhiteElo "1782"]
[BlackElo "2295"]
[Annotator "NA"]
[PlyCount "68"]
[EventDate "2018.07.20"]
[EventType "swiss"]
[EventCountry "HUN"]
[SourceTitle "playchess.com"]
[Source "ChessBase"]
[SourceQuality "1"]
[TimeControl "1200+5"]

1. e4 c5 2. Nf3 Nc6 3. d4 cxd4 4. Nxd4 e5 5. Nb5 d6 6. N1c3 a6 7. Na3 b5 8. Nd5 Nge7 9. c4 Nd4 10. Be3 Nxd5 11. Bxd4 Qa5+ 12. Qd2 Qxd2+ 13. Kxd2 Nf6 14. Be3 Nxe4+ 15. Ke1 b4 16. Nc2 a5 17. Rd1 Be7 18. c5 Nxc5 19. Bxc5 dxc5 20. Bb5+ Kf8 21. Ne3 Ba6 22. Ba4 Rd8 23. Nd5 f6 24. f4 exf4 25. Nxf4 Kf7 26. Kf2 Bd6 27. Nd5 Be5 28. Rd2 Bc4 29. Bc6 Rd6 30. b3 Ba6 31. Ba4 Rhd8 32. Rhd1 Bc3 33. Nxc3 Rxd2+ 34. Rxd2 Rxd2+ 0-1

[Event "HUN-ch Rapid 2018"]
[Site "Ajka"]
[Date "2018.07.21"]
[Round "7"]
[White "Dankhazi, Andras"]
[Black "Papp, Petra"]
[Result "1/2-1/2"]
[ECO "D71"]
[WhiteElo "2361"]
[BlackElo "2287"]
[Annotator "NA RC"]
[PlyCount "78"]
[EventDate "2018.07.20"]
[EventType "swiss"]
[EventCountry "HUN"]
[SourceTitle "playchess.com"]
[Source "ChessBase"]
[SourceQuality "1"]
[TimeControl "1200+5"]

1. d4 Nf6 2. c4 g6 3. g3 c5 4. dxc5 Qa5+ 5. Nc3 Qxc5 6. e4 d6 7. Be3 Qa5 8. f3 Bg7 9. Nge2 O-O 10. Nd4 Nc6 11. Qd2 Nxd4 12. Bxd4 Be6 13. b3 Rac8 14. Bg2 a6 15. Ne2 Qxd2+ 16. Kxd2 Nd7 17. Bxg7 Kxg7 18. Nd4 Ne5 19. f4 Nc6 20. Nxc6 bxc6 21. Rhe1 f6 22. Rac1 c5 23. Rf1 a5 24. Rce1 g5 25. Kc3 Bd7 26. e5 fxe5 27. fxe5 Rxf1 28. Bxf1 Rf8 29. exd6 exd6 30. Bd3 h6 31. a3 Re8 32. Rxe8 Bxe8 33. b4 axb4+ 34. axb4 cxb4+ 35. Kxb4 Kf6 36. c5 dxc5+ 37. Kxc5 Ke5 38. h4 g4 39. Kc4 Bf7+ {[%emt 0:00:40] Kd4+ Kd5+} 1/2-1/2

[Event "HUN-ch Rapid 2018"]
[Site "Ajka"]
[Date "2018.07.21"]
[Round "7"]
[White "Csonka, Attila Istvan"]
[Black "Hardicsay, Peter"]
[Result "1-0"]
[ECO "B40"]
[WhiteElo "2337"]
[BlackElo "2267"]
[Annotator "NA RC"]
[PlyCount "93"]
[EventDate "2018.07.20"]
[EventType "swiss"]
[EventCountry "HUN"]
[SourceTitle "playchess.com"]
[Source "ChessBase"]
[SourceQuality "1"]
[TimeControl "1200+5"]

1. e4 c5 2. Nf3 e6 3. b3 Nc6 4. Bb2 Nf6 5. Qe2 d6 6. g3 Be7 7. Bg2 O-O 8. O-O e5 9. h3 b5 10. c3 Rb8 11. d4 Qc7 12. Rd1 Re8 13. Nbd2 Bf8 14. dxe5 Nxe5 15. Nxe5 dxe5 16. c4 b4 17. Nf1 Bb7 18. g4 h6 19. Qc2 Nh7 20. Ne3 Rbd8 21. Rxd8 Rxd8 22. Nd5 Qb8 23. Bc1 Ng5 24. Bxg5 hxg5 25. Bf3 f6 26. Kg2 a5 27. Rh1 Kf7 28. h4 gxh4 29. Rxh4 Be7 30. Qc1 Rh8 31. Qh1 Rxh4 32. Qxh4 Qg8 33. Qh1 g5 34. Ne3 Bf8 35. Nf5 Bc8 36. a3 Ke8 37. axb4 axb4 38. Qa1 Qe6 39. Ne3 Qa6 40. Qd1 Be6 41. Nd5 Bxd5 42. exd5 Kd7 43. Be4 Qa2 44. Qf3 Be7 45. Qf5+ Kd8 46. Qe6 Qd2 47. Bf5 1-0

[Event "HUN-ch Rapid 2018"]
[Site "Ajka"]
[Date "2018.07.21"]
[Round "7"]
[White "Martini, Balazs"]
[Black "Hoang, Thanh Trang"]
[Result "0-1"]
[ECO "A04"]
[WhiteElo "2295"]
[BlackElo "2351"]
[Annotator "NA RC"]
[PlyCount "102"]
[EventDate "2018.07.20"]
[EventType "swiss"]
[EventCountry "HUN"]
[SourceTitle "playchess.com"]
[Source "ChessBase"]
[SourceQuality "1"]
[TimeControl "1200+5"]

1. Nf3 f5 2. g3 Nf6 3. Bg2 g6 4. O-O Bg7 5. c4 O-O 6. Nc3 d6 7. d3 e5 8. Rb1 a5 9. a3 Nc6 10. b4 axb4 11. axb4 h6 12. Ne1 g5 13. b5 Ne7 14. e3 Ng6 15. Nd5 Kh8 16. Bb2 f4 17. Ra1 Bg4 18. Rxa8 Qxa8 19. Qc2 f3 20. Bh1 Bh3 21. Bxf3 Bxf1 22. Kxf1 Nxd5 23. Bxd5 Ne7 24. Bf3 Qa7 25. Kg2 c6 26. Qb3 Ra8 27. Nc2 Qa4 28. Qxa4 Rxa4 29. Ba3 cxb5 30. cxb5 Ra5 31. b6 Nc8 32. Bxb7 Nxb6 33. Bxd6 Ra2 34. Nb4 Rb2 35. Be4 Na4 36. Nc6 Rb5 37. Ne7 Nc3 38. Bc6 Rb6 39. Bc7 Ra6 40. Bxe5 Bxe5 41. Ng6+ Kg7 42. Nxe5 Kf6 43. d4 Ra2 44. Bf3 Nb1 45. Ng4+ Kg7 46. Bd5 Rb2 47. Bf3 h5 48. Ne5 g4 49. Bd5 Nc3 50. Bc4 Nd1 51. d5 Nxe3+ 0-1

[Event "HUN-ch Rapid 2018"]
[Site "Ajka"]
[Date "2018.07.21"]
[Round "7"]
[White "Laszlo, Janos"]
[Black "Czupor, Attila"]
[Result "1/2-1/2"]
[ECO "D46"]
[WhiteElo "2273"]
[BlackElo "2045"]
[Annotator "NA RC"]
[PlyCount "63"]
[EventDate "2018.07.20"]
[EventType "swiss"]
[EventCountry "HUN"]
[SourceTitle "playchess.com"]
[Source "ChessBase"]
[SourceQuality "1"]
[TimeControl "1200+5"]

1. Nf3 d5 2. e3 Nf6 3. c4 c6 4. d4 e6 5. Bd3 Nbd7 6. Nc3 Bd6 7. O-O O-O 8. e4 dxc4 9. Bxc4 e5 10. Bb3 exd4 11. Nxd4 Nc5 12. Bg5 Be5 13. Nf3 Qxd1 14. Nxd1 Ncxe4 15. Nxe5 Nxg5 16. Nc3 Bf5 17. f3 h5 18. Rfe1 Ne6 19. Rad1 Rad8 20. Bxe6 Bxe6 21. Kf2 Rfe8 22. f4 Nd5 23. Nxd5 Bxd5 24. a3 Bb3 25. Rxd8 Rxd8 26. Re2 Bd1 27. Re1 f6 28. Nc4 Bb3 29. Na5 Rd2+ 30. Re2 Rxe2+ 31. Kxe2 Bd5 32. Nxb7 1/2-1/2

[Event "HUN-ch Rapid 2018"]
[Site "Ajka"]
[Date "2018.07.21"]
[Round "7"]
[White "Szalanczi, Emil"]
[Black "Hajnal, Zoltan"]
[Result "0-1"]
[ECO "C75"]
[WhiteElo "2214"]
[BlackElo "2357"]
[Annotator "NA RC"]
[PlyCount "86"]
[EventDate "2018.07.20"]
[EventType "swiss"]
[EventCountry "HUN"]
[SourceTitle "playchess.com"]
[Source "ChessBase"]
[SourceQuality "1"]
[TimeControl "1200+5"]

1. e4 e5 2. Nf3 Nc6 3. Bb5 a6 4. Ba4 d6 5. c3 Bd7 6. O-O g6 7. d4 Bg7 8. d5 Nce7 9. c4 h6 10. Nc3 f5 11. b4 Nf6 12. Bb3 f4 13. c5 g5 14. Nd2 g4 15. Nc4 Nc8 16. a4 Qe7 17. Ba3 O-O 18. c6 bxc6 19. dxc6 Be6 20. b5 axb5 21. axb5 Kh7 22. Nd5 Bxd5 23. exd5 Rb8 24. Rb1 Kh8 25. Bc2 Nb6 26. Nxb6 Rxb6 27. Re1 Qf7 28. Be4 Rfb8 29. Qd3 h5 30. Bc1 Bh6 31. Bd2 Ra8 32. Ra1 Rxa1 33. Rxa1 Nxe4 34. Qxe4 Rxb5 35. g3 Rxd5 36. Be1 Rd4 37. Qb1 Kg7 38. Qb8 Rc4 39. Ra8 Rc1 40. Qb4 Qb3 41. Qa5 Qb6 42. Qd2 fxg3 43. Qe2 gxf2+ {[%emt 0:00:07] Qd1} 0-1

[Event "HUN-ch Rapid 2018"]
[Site "Ajka"]
[Date "2018.07.21"]
[Round "7"]
[White "Buzas, Bertalan"]
[Black "Egresi, Mate"]
[Result "1-0"]
[ECO "E04"]
[WhiteElo "2133"]
[BlackElo "2280"]
[Annotator "RC"]
[PlyCount "74"]
[EventDate "2018.07.20"]
[EventType "swiss"]
[EventCountry "HUN"]
[SourceTitle "playchess.com"]
[Source "ChessBase"]
[SourceQuality "1"]
[TimeControl "1200+5"]

1. d4 d5 2. c4 e6 3. Nf3 Nf6 4. g3 dxc4 5. Bg2 Nc6 6. O-O Rb8 7. e3 Bd7 8. Qe2 b5 9. b3 cxb3 10. axb3 Bb4 11. Bd2 Qe7 12. Rc1 O-O 13. Ne5 Nxe5 14. dxe5 Nd5 15. e4 Nb6 16. Rxc7 a5 17. Nc3 Rfc8 18. Rxc8+ Rxc8 19. Nd1 Bxd2 20. Qxd2 a4 21. bxa4 bxa4 22. Ne3 Qc5 23. Rb1 a3 24. Qa2 Ra8 25. h4 h6 26. Rb3 Bc6 27. h5 Kh7 28. Ng4 Nd7 29. Rf3 Qc1+ 30. Kh2 Qb2 31. Qc4 a2 32. Qxc6 a1=Q 33. Qxd7 Qa7 34. Qd3 Rb8 35. Bh3 Qc1 36. Rf4 Rb1 37. Bg2 Qe7 {...} 1-0

[Event "HUN-ch Rapid 2018"]
[Site "Ajka"]
[Date "2018.07.21"]
[Round "7"]
[White "Szukics, Adam"]
[Black "Kiss, Pal"]
[Result "1-0"]
[ECO "D00"]
[WhiteElo "2010"]
[BlackElo "2356"]
[Annotator "NA RC"]
[PlyCount "91"]
[EventDate "2018.07.20"]
[EventType "swiss"]
[EventCountry "HUN"]
[SourceTitle "playchess.com"]
[Source "ChessBase"]
[SourceQuality "1"]
[TimeControl "1200+5"]

1. d4 d5 2. Bf4 Nf6 3. e3 c5 4. c3 Nc6 5. Nd2 cxd4 6. exd4 Bf5 7. Ngf3 e6 8. Qb3 Qc8 9. Be2 Be7 10. O-O O-O 11. h3 Ne4 12. Rfe1 Nxd2 13. Nxd2 Qd7 14. Nf3 Bd6 15. Bxd6 Qxd6 16. a4 Rab8 17. Qa2 Rfc8 18. Bb5 Ne7 19. Ne5 a6 20. Bd3 Bxd3 21. Nxd3 a5 22. Re2 Qa6 23. Rd2 Nf5 24. Nc5 Qc6 25. Rc1 Nd6 26. b4 b6 27. b5 Qe8 28. Nd3 Rb7 29. Rdc2 Rbc7 30. Ne5 Nb7 31. c4 dxc4 32. Rxc4 Rxc4 33. Rxc4 Nd6 34. Rc6 Nf5 35. Rxc8 Qxc8 36. Qc4 Qd8 37. Nc6 Qd6 38. g4 Nh4 39. Ne5 g5 40. Qc8+ Kg7 41. Qd7 Nf3+ 42. Kg2 Qxd7 43. Nxd7 Nxd4 44. Nxb6 Nb3 45. Nd7 Nd4 46. b6 1-0

[Event "HUN-ch Rapid 2018"]
[Site "Ajka"]
[Date "2018.07.21"]
[Round "8"]
[White "Vertetics, Attila"]
[Black "Volosin, Vladimir"]
[Result "1-0"]
[ECO "D10"]
[WhiteElo "2506"]
[BlackElo "2250"]
[Annotator "ChessBase"]
[PlyCount "75"]
[EventDate "2018.07.20"]
[EventType "swiss"]
[EventCountry "HUN"]
[SourceTitle "playchess.com"]
[Source "ChessBase"]
[SourceQuality "1"]
[TimeControl "1200+5"]

1. d4 c6 2. c4 d5 3. cxd5 cxd5 4. Bg5 Qb6 5. Qd2 Nc6 6. e3 Bf5 7. Nc3 e6 8. Bb5 Bb4 9. Bxc6+ Qxc6 10. Nge2 Nf6 11. f3 Rc8 12. Rc1 O-O 13. a3 Bxc3 14. Rxc3 Qa6 15. Bxf6 gxf6 16. Kf2 Rxc3 17. Nxc3 Rc8 18. Rc1 Kg7 19. Ne2 b6 20. Nf4 Bg6 21. Rc3 Rxc3 22. Qxc3 Qb5 23. h4 h5 24. b4 Qd7 25. Ke1 Qd6 26. Kd2 e5 27. Ne2 Bf5 28. Ke1 Qd7 29. dxe5 fxe5 30. Qxe5+ f6 31. Qc3 Qd6 32. Nf4 Bg6 33. Qc7+ Qxc7 34. Ne6+ Kg8 35. Nxc7 Bf7 36. Kd2 Kf8 37. Kc3 Ke7 38. Kd4 {[%emt 0:00:01] Ke8} 1-0

[Event "HUN-ch Rapid 2018"]
[Site "Ajka"]
[Date "2018.07.21"]
[Round "8"]
[White "Kiss, Pal"]
[Black "Papp, Petra"]
[Result "1/2-1/2"]
[ECO "D83"]
[WhiteElo "2356"]
[BlackElo "2287"]
[Annotator "NA RC"]
[PlyCount "38"]
[EventDate "2018.07.20"]
[EventType "swiss"]
[EventCountry "HUN"]
[SourceTitle "playchess.com"]
[Source "ChessBase"]
[SourceQuality "1"]
[TimeControl "1200+5"]

1. d4 Nf6 2. c4 g6 3. Nc3 d5 4. Bf4 Bg7 5. e3 O-O 6. Rc1 Be6 7. cxd5 Nxd5 8. Nxd5 Qxd5 9. b3 Qa5+ 10. Qd2 Qxd2+ 11. Kxd2 c6 12. Bc4 Bxc4 13. Rxc4 Nd7 14. Nf3 Rfe8 15. Ke2 e5 16. dxe5 Nxe5 17. Nxe5 Bxe5 18. Rd1 Bxf4 19. Rxf4 Re7 1/2-1/2

[Event "HUN-ch Rapid 2018"]
[Site "Ajka"]
[Date "2018.07.21"]
[Round "8"]
[White "Deak, Sandor"]
[Black "Tancsa, Tamas"]
[Result "1-0"]
[ECO "A53"]
[WhiteElo "2335"]
[BlackElo "1792"]
[Annotator "NA RC"]
[PlyCount "57"]
[EventDate "2018.07.20"]
[EventType "swiss"]
[EventCountry "HUN"]
[SourceTitle "playchess.com"]
[Source "ChessBase"]
[SourceQuality "1"]
[TimeControl "1200+5"]

1. d4 Nf6 2. c4 d6 3. Nc3 Nbd7 4. e4 e5 5. Nge2 Be7 6. f3 O-O 7. Be3 c6 8. Qd2 Qc7 9. Rc1 a6 10. Ng3 exd4 11. Bxd4 Ne5 12. Be2 Be6 13. b3 Rad8 14. O-O d5 15. cxd5 cxd5 16. Nxd5 Qd6 17. Bxe5 Qxe5 18. Nxe7+ Kh8 19. Qc3 Qf4 20. Nef5 Rc8 21. Qe3 Qe5 22. Nd4 Nd5 23. Qf2 Nf4 24. Nxe6 fxe6 25. Rxc8 Rxc8 26. Rd1 h6 27. Bf1 h5 28. Ne2 Rc2 29. Nxf4 1-0

[Event "HUN-ch Rapid 2018"]
[Site "Ajka"]
[Date "2018.07.21"]
[Round "8"]
[White "Juhasz, Barbara"]
[Black "Dankhazi, Andras"]
[Result "0-1"]
[ECO "C24"]
[WhiteElo "2159"]
[BlackElo "2361"]
[Annotator "NA"]
[PlyCount "74"]
[EventDate "2018.07.20"]
[EventType "swiss"]
[EventCountry "HUN"]
[SourceTitle "playchess.com"]
[Source "ChessBase"]
[SourceQuality "1"]
[TimeControl "1200+5"]

1. e4 e5 2. Bc4 Nf6 3. d3 c6 4. Nc3 d5 5. Bb3 dxe4 6. Nxe4 Nxe4 7. dxe4 Qxd1+ 8. Kxd1 Bc5 9. Nf3 f6 10. Ke2 Ke7 11. Be3 Nd7 12. c3 Bxe3 13. Kxe3 Nc5 14. Bc2 a5 15. Nd2 Be6 16. b4 axb4 17. cxb4 Ra3+ 18. Ke2 Na6 19. b5 cxb5 20. Rhb1 Rxa2 21. Rxa2 Bxa2 22. Rxb5 Rb8 23. Nb3 b6 24. Bd3 Bxb3 25. Rxb3 Nc5 26. Ra3 Rd8 27. Bc2 Ne6 28. Ke1 Nd4 29. Bd3 Rd7 30. Ra2 b5 31. Rb2 Rb7 32. Kd2 Kd6 33. Kc3 Kc5 34. f3 Ra7 35. Kd2 b4 36. Bc2 b3 37. Bd1 Kb4 0-1

[Event "HUN-ch Rapid 2018"]
[Site "Ajka"]
[Date "2018.07.21"]
[Round "8"]
[White "Mihok, Laszlo"]
[Black "Papp, Gellert"]
[Result "0-1"]
[ECO "A45"]
[WhiteElo "2066"]
[BlackElo "2324"]
[Annotator "NA RC"]
[PlyCount "94"]
[EventDate "2018.07.20"]
[EventType "swiss"]
[EventCountry "HUN"]
[SourceTitle "playchess.com"]
[Source "ChessBase"]
[SourceQuality "1"]
[TimeControl "1200+5"]

1. d4 Nf6 2. Bg5 c5 3. Bxf6 gxf6 4. d5 Qb6 5. Qc1 f5 6. e3 d6 7. c4 Nd7 8. Nc3 Nf6 9. Nh3 Bh6 10. Bd3 e5 11. O-O Bd7 12. f4 e4 13. Be2 Rg8 14. Kh1 O-O-O 15. Nf2 Bg7 16. Qc2 h5 17. a3 Ng4 18. Nxg4 hxg4 19. g3 Rh8 20. Rf2 Qa5 21. Ra2 Kb8 22. Kg1 Ka8 23. Bf1 Rb8 24. Qc1 a6 25. b4 cxb4 26. axb4 Qxb4 27. Nb5 Rbc8 28. Rfc2 Qc5 29. Qd2 Kb8 30. Nd4 Rhe8 31. Ra5 Qa7 32. Rb2 Bxd4 33. exd4 e3 34. Qd3 Re4 35. c5 Ka8 36. Bg2 dxc5 37. Bxe4 fxe4 38. Qxe4 cxd4 39. Ra1 Re8 40. Qd3 Qc5 41. Kf1 Kb8 42. Qb3 Bb5+ 43. Ke1 d3 44. Qa3 d2+ 45. Rxd2 exd2+ 46. Kxd2 Re2+ 47. Kd1 Qc2# 0-1

[Event "HUN-ch Rapid 2018"]
[Site "Ajka"]
[Date "2018.07.21"]
[Round "8"]
[White "Czupor, Attila"]
[Black "Martini, Balazs"]
[Result "0-1"]
[ECO "B32"]
[WhiteElo "2045"]
[BlackElo "2295"]
[Annotator "NA RC"]
[PlyCount "58"]
[EventDate "2018.07.20"]
[EventType "swiss"]
[EventCountry "HUN"]
[SourceTitle "playchess.com"]
[Source "ChessBase"]
[SourceQuality "1"]
[TimeControl "1200+5"]

1. e4 c5 2. Nf3 Nc6 3. d4 cxd4 4. Nxd4 e5 5. Nb5 d6 6. c4 Be7 7. Be3 f5 8. exf5 Bxf5 9. Bd3 Be6 10. N1c3 a6 11. Na3 Nf6 12. O-O Qd7 13. Na4 Bd8 14. Nc2 O-O 15. b4 e4 16. Be2 Ne5 17. Nb2 Rc8 18. c5 Nd5 19. Nc4 Nc3 20. Nxe5 dxe5 21. Qe1 Nxe2+ 22. Qxe2 Qf7 23. Na3 Qg6 24. Nc4 Bg4 25. Qc2 Bf3 26. g3 Qe6 27. Bd2 Qh3 28. Ne3 Rf6 29. Qc4+ Kh8 0-1

[Event "HUN-ch Rapid 2018"]
[Site "Ajka"]
[Date "2018.07.21"]
[Round "9"]
[White "Csonka, Attila Istvan"]
[Black "Teglas, Balazs"]
[Result "1-0"]
[ECO "B40"]
[WhiteElo "2337"]
[BlackElo "2201"]
[Annotator "NA RC"]
[PlyCount "99"]
[EventDate "2018.07.20"]
[EventType "swiss"]
[EventCountry "HUN"]
[SourceTitle "playchess.com"]
[Source "ChessBase"]
[SourceQuality "1"]
[TimeControl "1200+5"]

1. e4 c5 2. Nf3 e6 3. b3 Nc6 4. Bb2 Nge7 5. g3 d6 6. Bg2 e5 7. h3 g6 8. O-O Bg7 9. c3 O-O 10. d4 exd4 11. cxd4 d5 12. exd5 Nxd5 13. Na3 Ndb4 14. Nc4 Nxd4 15. Nxd4 cxd4 16. Qd2 Nc6 17. Rad1 Bd7 18. Ba3 Be6 19. Bxf8 Qxf8 20. Na5 Nxa5 21. Qxa5 Qe7 22. Rfe1 Qd7 23. Kh2 b6 24. Qg5 Rc8 25. Rc1 Rc3 26. Red1 h6 27. Qf4 Qe7 28. Re1 Qd7 29. Rcd1 Kh7 30. Re2 h5 31. Qe4 Bf6 32. Red2 Bf5 33. Qd5 Qe7 34. Bf3 Kg7 35. Kg2 Be6 36. Qe4 Qd7 37. Rxd4 Bxd4 38. Rxd4 Qe7 39. Qe2 Qc7 40. Rf4 Rc2 41. Qd1 Qc5 42. Be4 Rxa2 43. Qb1 Qa3 44. Qd1 Qb2 45. Qd6 Bxb3 46. Bd5 Bxd5+ 47. Qxd5 Ra5 48. Qxf7+ Kh6 49. Rf6 Qc2 50. Qf8+ 1-0

[Event "HUN-ch Rapid 2018"]
[Site "Ajka"]
[Date "2018.07.21"]
[Round "9"]
[White "Papp, Gellert"]
[Black "Miszler, Levente"]
[Result "1-0"]
[ECO "B00"]
[WhiteElo "2324"]
[BlackElo "1809"]
[Annotator "NA RC"]
[PlyCount "67"]
[EventDate "2018.07.20"]
[EventType "swiss"]
[EventCountry "HUN"]
[SourceTitle "playchess.com"]
[Source "ChessBase"]
[SourceQuality "1"]
[TimeControl "1200+5"]

1. e4 Nc6 2. d4 e5 3. d5 Nce7 4. c4 Ng6 5. Be3 b6 6. Nc3 Bc5 7. Bxc5 bxc5 8. d6 c6 9. Nf3 Nf6 10. h4 O-O 11. h5 Nf4 12. h6 g6 13. g3 Ne6 14. Nxe5 Re8 15. Bg2 Ng5 16. f4 Ngxe4 17. Nxe4 Nxe4 18. Bxe4 f6 19. O-O fxe5 20. f5 Qg5 21. Kg2 Ba6 22. Qc2 Qxh6 23. fxg6 hxg6 24. Rf6 Re6 25. Rxe6 dxe6 26. d7 Rd8 27. Rd1 Bb7 28. Qb3 Ba8 29. Qc3 Qg7 30. Qd3 Qe7 31. Bxg6 Bb7 32. Be8 Rxe8 33. dxe8=Q+ Qxe8 34. Qd8 1-0

[Event "HUN-ch Rapid 2018"]
[Site "Ajka"]
[Date "2018.07.21"]
[Round "9"]
[White "Papp, Petra"]
[Black "Jakab, Attila"]
[Result "0-1"]
[ECO "B27"]
[WhiteElo "2287"]
[BlackElo "2363"]
[Annotator "RC"]
[PlyCount "120"]
[EventDate "2018.07.20"]
[EventType "swiss"]
[EventCountry "HUN"]
[SourceTitle "playchess.com"]
[Source "ChessBase"]
[SourceQuality "1"]
[TimeControl "1200+5"]

1. e4 c5 2. Nf3 g6 3. d4 Bg7 4. c4 Qb6 5. Nc3 cxd4 6. Nd5 Qa5+ 7. b4 Qd8 8. Nxd4 Nc6 9. Bb2 Nf6 10. Nxf6+ Bxf6 11. Nxc6 dxc6 12. Qxd8+ Kxd8 13. e5 Bg7 14. Bd3 Kc7 15. a3 h5 16. Ke2 h4 17. f4 Bg4+ 18. Ke3 Rad8 19. Be2 Bf5 20. Rhd1 Rxd1 21. Rxd1 Rg8 22. Bd3 Rd8 23. Be2 Ra8 24. Bc3 Bh6 25. Bd3 e6 26. Be2 Bf8 27. g4 hxg3 28. hxg3 g5 29. Bh5 a5 30. bxa5 Bc5+ 31. Bd4 gxf4+ 32. gxf4 Bxd4+ 33. Rxd4 Rxa5 34. Bxf7 Rxa3+ 35. Kf2 Rc3 36. Ke2 Kb6 37. Kd2 Rf3 38. Rd6 Rxf4 39. Bxe6 Bxe6 40. Rxe6 Rxc4 41. Kd3 Kc5 42. Re8 Rd4+ 43. Kc3 b5 44. e6 b4+ 45. Kc2 Re4 46. Kb3 Re3+ 47. Kc2 Kc4 48. e7 c5 49. Kd2 Re4 50. Kc2 Re2+ 51. Kd1 Re5 52. Kd2 Kb3 53. Kd3 c4+ 54. Kd4 Re1 55. Kc5 c3 56. Rb8 Re5+ 57. Kd6 Rxe7 58. Kxe7 c2 59. Rc8 Kb2 60. Rb8 b3 0-1

[Event "HUN-ch Rapid 2018"]
[Site "Ajka"]
[Date "2018.07.21"]
[Round "9"]
[White "Laszlo, Janos"]
[Black "Hajnal, Zoltan"]
[Result "0-1"]
[ECO "A06"]
[WhiteElo "2273"]
[BlackElo "2357"]
[Annotator "NA RC"]
[PlyCount "132"]
[EventDate "2018.07.20"]
[EventType "swiss"]
[EventCountry "HUN"]
[SourceTitle "playchess.com"]
[Source "ChessBase"]
[SourceQuality "1"]
[TimeControl "1200+5"]

1. Nf3 d5 2. e3 Nf6 3. c4 c6 4. Nc3 Bf5 5. cxd5 cxd5 6. Qb3 Bc8 7. d4 Nc6 8. Bb5 e6 9. O-O Bd7 10. Bd2 Bd6 11. Rfc1 O-O 12. Qd1 a6 13. Bd3 b5 14. Qe2 e5 15. dxe5 Nxe5 16. Nxe5 Bxe5 17. h3 Re8 18. Qf3 b4 19. Nd1 Qb6 20. a3 a5 21. axb4 axb4 22. Rxa8 Rxa8 23. Qe2 g6 24. Qe1 Bd6 25. b3 Bc6 26. Nb2 Qb7 27. Bf1 Ne4 28. Nd3 Bb5 29. Qd1 Qe7 30. Be1 Rd8 31. Rc2 h5 32. Qc1 Qg5 33. Rc8 Rxc8 34. Qxc8+ Kg7 35. Qb7 Bxd3 36. Bxd3 Nc3 37. Qc6 Qe5 38. g3 Ne4 39. Kg2 h4 40. f4 Qe6 41. g4 g5 42. Qc1 gxf4 43. exf4 Nc5 44. Bb1 Qe2+ 45. Bf2 Ne4 46. Bxe4 dxe4 47. Kg1 Qd3 48. Qe3 f6 49. Qxd3 exd3 50. Kf1 Bxf4 51. Bc5 Bd2 52. Kf2 f5 53. gxf5 Kf6 54. Kf3 Kxf5 55. Be7 Bg5 56. Bxb4 Ke5 57. Bc3+ Kd5 58. Kf2 Bf4 59. Ke1 Ke4 60. Kf2 Be3+ 61. Ke1 Kf3 62. Bf6 Kg3 63. b4 Kxh3 64. b5 Kg4 65. Bd8 h3 66. b6 Bxb6 0-1

[Event "HUN-ch Rapid 2018"]
[Site "Ajka"]
[Date "2018.07.21"]
[Round "9"]
[White "Buzas, Bertalan"]
[Black "Kiss, Pal"]
[Result "1/2-1/2"]
[ECO "A07"]
[WhiteElo "2133"]
[BlackElo "2356"]
[Annotator "NA RC"]
[PlyCount "76"]
[EventDate "2018.07.20"]
[EventType "swiss"]
[EventCountry "HUN"]
[SourceTitle "playchess.com"]
[Source "ChessBase"]
[SourceQuality "1"]
[TimeControl "1200+5"]

1. Nf3 d5 2. g3 Nf6 3. Bg2 c6 4. O-O Bg4 5. d4 e6 6. Nbd2 Be7 7. Re1 O-O 8. e4 Nbd7 9. c3 Bh5 10. Qb3 Qb6 11. h3 Bg6 12. exd5 cxd5 13. Ne5 Nxe5 14. dxe5 Nd7 15. Nf3 Nc5 16. Qxb6 axb6 17. Be3 Rfc8 18. Bf1 Na4 19. Re2 Bc5 20. Bd4 Be4 21. Ne1 Bxd4 22. cxd4 b5 23. a3 b4 24. f3 Bg6 25. Rd2 Nb6 26. Rad1 Nc4 27. Bxc4 Rxc4 28. axb4 Rxb4 29. Kf2 Ra2 30. Rc1 h5 31. Ke3 Rbxb2 32. Rxb2 Rxb2 33. h4 Bf5 34. Kf4 Rd2 35. Ke3 Rh2 36. Rc8+ Kh7 37. Rc7 Bg6 38. Rxb7 Ra2 1/2-1/2

[Event "HUN-ch Rapid 2018"]
[Site "Ajka"]
[Date "2018.07.21"]
[Round "9"]
[White "Sarok, Peter"]
[Black "Csonka, Balazs"]
[Result "0-1"]
[ECO "A13"]
[WhiteElo "2105"]
[BlackElo "2311"]
[Annotator "NA RC"]
[PlyCount "64"]
[EventDate "2018.07.20"]
[EventType "swiss"]
[EventCountry "HUN"]
[SourceTitle "playchess.com"]
[Source "ChessBase"]
[SourceQuality "1"]
[TimeControl "1200+5"]

1. c4 e6 2. g3 d5 3. Bg2 Nf6 4. Nf3 dxc4 5. Qa4+ c6 6. Qxc4 b5 7. Qc2 Bb7 8. d4 Nbd7 9. O-O c5 10. Rd1 Rc8 11. a4 cxd4 12. Qd3 Be4 13. Qxb5 Rc5 14. Qa6 Rc6 15. Qb5 Rc5 16. Qa6 Nb8 17. Qxa7 Nc6 18. Qa6 Nb4 19. Qa7 Ra5 20. Qxd4 Rd5 21. Qxd5 exd5 22. Nc3 Bc2 23. Rf1 Bc5 24. Bg5 d4 25. Nb5 O-O 26. Rfc1 d3 27. exd3 Bxf2+ 28. Kxf2 Nxd3+ 29. Kf1 Nxc1 30. Rxc1 Qd3+ 31. Kg1 Bxa4 32. Nc3 Bc6 0-1